 Dungeon Crawl Stone Soup version 0.20-a0-947-g2784f4f (webtiles) character file.

99 Da5id the Insei (level 4, 23/23 HPs)
             Began as a Vine Stalker Gladiator on Apr 3, 2017.
             Quit the game on level 3 of the Dungeon.
             The game lasted 00:02:22 (2722 turns).

Da5id the Insei (Vine Stalker Gladiator)            Turns: 2722, Time: 00:02:23

Health: 23/23      AC:  7    Str: 16    XL:     4   Next: 72%
Magic:  5/5        EV:  9    Int:  9    God:
Gold:   144        SH:  0    Dex: 16    Spells: 3/3 levels left

rFire    . . .     SeeInvis .     - Unarmed
rCold    . . .     Gourm    .   (no shield)
rNeg     . . .     Faith    .   t - +0 scale mail (curse)
rPois    .         Spirit   +   b - +0 helmet
rElec    .         Reflect  .   (no cloak)
rCorr    .         Harm     .   (no gloves)
MR       +....                  (no boots)
Stlth    ..........             v - amulet of regeneration
Regen    0.9/turn               g - ring of loudness (curse)
MPRegen  0.1/turn               p - ring of protection from magic

@: heavily drained
A: fangs 2, regeneration 1, magic shield, antimagic bite, no potion heal 3, rot
immunity
a: no special abilities


You were on level 3 of the Dungeon.
You were not hungry.

You visited 1 branch of the dungeon, and saw 3 of its levels.

You collected 144 gold pieces.

Inventory:

Missiles
 c - 3 throwing nets (quivered)
Armour
 a - a +0 leather armour
 b - a +0 helmet (worn)
 t - a cursed +0 scale mail (worn)
Jewellery
 g - a cursed ring of loudness (left hand)
 i - an uncursed amulet of faith
 o - an uncursed amulet of harm
 p - a ring of protection from magic (right hand)
 v - an amulet of regeneration (around neck)
Scrolls
 h - 8 scrolls of identify {unknown}
 m - a scroll of magic mapping {unknown}
 n - a scroll of blinking {unknown}
 u - a scroll of noise {unknown}
Potions
 e - a potion of flight {unknown}
 f - 2 potions of resistance {unknown}
 l - a potion of heal wounds {unknown}
 r - 2 potions of haste {unknown}
 s - a potion of might {unknown}
Comestibles
 d - 3 bread rations
 j - 2 fruits
 k - 2 royal jellies
 q - a meat ration


   Skills:
 - Level 1.7(0.2) Fighting
 - Level 1.7(0.2) Throwing
 - Level 2.4(0.8) Dodging
 + Level 5.3(3.6) Unarmed Combat


You had 3 spell levels left.
You didn't know any spells.

Dungeon Overview and Level Annotations

Branches:
Dungeon (3/15)

Altars:
Uskayaw


Innate Abilities, Weirdness & Mutations

You have extremely sharp teeth.
Your natural rate of healing is unusually fast.
When hurt, damage is shared between your health and your magic reserves.
Your bite disrupts and absorbs the magic of your enemies.
Potions cannot restore your health.
You are immune to rotting.


Message History

You kill the kobold!
No target in view!
No target in view!
No target in view!
No target in view!
No target in view!
No target in view!
No target in view!
No target in view!
No target in view!
No target in view!
No target in view!
No target in view!
No target in view!
No target in view!
No target in view!
No target in view!
No target in view!
No target in view!
Are you sure you want to abandon this character and quit the game? (Confirm with "yes".)

#### #.. #.#
###.###
..#.#####.....#
......)@..#.#.#
..#.#######.#.#
..........#
#########.# #.#
#.# #.# #.# #.#


There were no monsters in sight!

Vanquished Creatures
  2 adders (D:2)
  3 worms (D:2)
  5 dart slugs
  4 leopard geckos
  2 giant cockroaches
  7 hobgoblins
  2 quokkas (D:2)
  2 ball pythons
  10 bats
  6 frilled lizards
  6 goblins
  3 kobolds
  7 rats
59 creatures vanquished.

Notes
Turn   | Place    | Note
-------+----------+-------------------------------------------
     0 | D:1      | Da5id the Vine Stalker Gladiator began the quest for the Orb.
     0 | D:1      | Reached XP level 1. HP: 11/11 MP: 2/2
   134 | D:1      | Reached XP level 2. HP: 13/15 MP: 1/3
   543 | D:1      | Reached skill level 4 in Unarmed Combat
   648 | D:1      | You fall through a shaft!
   721 | D:2      | Reached XP level 3. HP: 17/18 MP: 4/4
  1638 | D:2      | Gained mutation: Your natural rate of healing is unusually fast. [Vine Stalker growth]
  1638 | D:2      | Reached XP level 4. HP: 22/23 MP: 5/5
  1726 | D:2      | Reached skill level 5 in Unarmed Combat
  2441 | D:3      | Noticed a hand axe
  2442 | D:3      | Noticed a hand axe
  2445 | D:3      | Found a hide-covered altar of Uskayaw.
  2722 | D:3      | Quit the game

Vault maps used:
D:1:      onia_arrival_pentagram
D:2:      minmay_tromino_v7
D:3:      dancing_weapons_uskayaw

Skill      XL: |  1  2  3  4 |
---------------+-------------+-----
Unarmed Combat | 4 5 |  5.3
Fighting       | |  1.7
Throwing       | |  1.7
Dodging        | |  2.4

Action                   |  1- 3 |  4- 6 || total
-------------------------+-------+-------++-------
Melee: Unarmed           |    81 |    66 ||   147
       Bite              |    31 |    13 ||    44
       Punch             |     1 |       ||     1
  Eat: Chunk             |     2 |     4 ||     6
Armor: Leather armour    |    18 |    27 ||    45
       Scale mail        |       |     2 ||     2
Dodge: Dodged            |    51 |    36 ||    87
